 Dungeon Crawl Stone Soup version bcrawl-1.28.1b (webtiles) character file.

Game seed: 5138752014235595814

348932 Morbidden the Thaumaturge (level 10, -5/63 HPs)
             Began as a Skeleton Archaeologist on Dec 16, 2020.
             Was a Believer of Cheibriados.
             Shot with an arrow by a centaur warrior (20 damage)
             ... on level 8 of the Dungeon.
             The game lasted 00:19:32 (8850 turns).

Morbidden the Thaumaturge (Skeleton Archaeologist)  Turns: 8850, Time: 00:19:33

Health: -5/63      AC: 12    Str: 24      XL:     10   Next: 91%
Magic:  0/23       EV: 17    Int: 21 (22) God:    Cheibriados [**....]
Gold:   441        SH:  0    Dex: 13      Spells: 24/27 levels left

rFire    . . .     SeeInvis .   a - +7 hand axe (freeze)
rCold    + . .     Gourm    .   (no shield)
rNeg     + + +     Faith    .   v - +0 chain mail
rPois    ∞         Spirit   +   c - +1 hat
rElec    .         Reflect  .   (no cloak)
rCorr    .         Harm     .   (no gloves)
MR       ++...                  d - +1 pair of boots
Stlth    +.........             (no amulet)
HPRegen  0.20/turn              y - +4 ring of evasion
MPRegen  0.18/turn              o - ring "Suunosur" {+Fly MR+}

@: very slow
A: no food or potions, cold resistance 1, deterioration 1, negative energy
resistance 3, powered by death 1, torment resistance, unbreathing, magic shield,
sturdy frame 2, spell healing
a: Bend Time, Renounce Religion, Evoke Flight


You were on level 8 of the Dungeon.
You worshipped Cheibriados.
Cheibriados was pleased with you.
You were not hungry.

You visited 2 branches of the dungeon, and saw 9 of its levels.
You also visited: Sewer.

You collected 483 gold pieces.
You spent 42 gold pieces at shops.

Inventory:

Hand Weapons
 a - a +7 hand axe of freezing (weapon)
 b - a +2 whip of venom
 w - a +0 war axe
Missiles
 n - 92 exploding tomahawks (quivered)
Armour
 c - a +1 hat (worn)
 d - a +1 pair of boots (worn)
 s - a +3 leather armour of fire resistance
 v - a +0 chain mail (worn)
Jewellery
 f - the ring "Haruawn" {+Fly rElec MR+ Dex-4}
   (You found it on level 2 of the Dungeon)

   [ring of flight]

   It affects your dexterity (-4).
   It insulates you from electricity.
   It affects your resistance to hostile enchantments.
   It lets you fly.
 g - the ring "Ruymam" {+Blink Str+3 Dex-5 Stlth--}
   (You found it on level 1 of the Dungeon)

   [ring of attention]

   It affects your strength (+3).
   It affects your dexterity (-5).
   It lets you blink.
   It makes you much less stealthy.
 h - an uncursed ring of protection from cold
 m - the ring of Gin and Tonic {Int+3 Stlth--}
   (You found it on level 2 of the Dungeon)

   [ring of attention]

   It affects your intelligence (+3).
   It makes you much less stealthy.
 o - the ring "Suunosur" (right hand) {+Fly MR+}
   (You found it on level 3 of the Dungeon)

   [ring of flight]

   It affects your resistance to hostile enchantments.
   It lets you fly.
 u - an uncursed ring of protection from cold
 y - a +4 ring of evasion (left hand)
Wands
 q - a wand of random effects (5)
 r - a wand of polymorph (4)
 t - a wand of paralysis (13)
Scrolls
 e - 8 scrolls of magic mapping
 i - 3 scrolls of identify
 j - 6 scrolls of remove curse
 k - 4 scrolls of teleportation
 l - 4 scrolls of enchant armour {unknown}
 p - 4 scrolls of fear {unknown}
 x - a scroll of vulnerability {unknown}


   Skills:
 * Level 7.3 Fighting
 + Level 9.1(9.5) Axes
 + Level 4.1(7.1) Maces & Flails
 + Level 0.3 Throwing
 + Level 2.8 Armour
 * Level 5.9 Dodging
 + Level 5.5 Stealth
 * Level 9.4 Spellcasting
 * Level 1.0 Conjurations
 - Level 4.0 Air Magic
 + Level 5.5 Poison Magic
 + Level 0.6 Evocations


You had 24 spell levels left.
You knew the following spells:

 Your Spells              Type           Power        Failure   Level  Hunger
a - Poisonous Vapours     Pois/Air       ####..       4%          2    N/A
b - Magic Dart            Conj           ##..         13%         1    N/A

Your spell library contained the following spells:

 Spells                   Type           Power        Failure   Level  Hunger
 Mephitic Cloud           Conj/Pois/Air  ###.....     14%         3    N/A
 Flame Tongue             Conj/Fire      ##...        16%         1    N/A
 Corona                   Hex            #......      21%         1    N/A
 Blink                    Tloc           N/A          30%         2    N/A
 Call Imp                 Summ           #.....       30%         2    N/A
 Ensorcelled Hibernation  Hex/Ice        #.....       30%         2    N/A
 Conjure Flame            Conj/Fire      ##......     43%         3    N/A
 Dazzling Orbs            Conj/Hex       ##.....      43%         3    N/A
 Confuse                  Hex            #.......     52%         3    N/A
 Tukima's Dance           Hex            #.......     52%         3    N/A
 Petrify                  Tmut/Erth      #.........   89%         4    N/A
 Yara's Violent Unravell  Hex/Tmut       #.........   89%         4    N/A
 Bolt of Magma            Conj/Fire/Erth ##........   99%         5    N/A
 Fireball                 Conj/Fire      ##........   99%         5    N/A
 Iskenderun's Battlesphe  Conj/Chrm      ##......     99%         5    N/A
 Metabolic Englaciation   Hex/Ice        #.........   99%         5    N/A
 Mana Rupture             Conj/Hex       ##........   100%        7    N/A
 Spider Form              Tmut/Pois      Unusable     N/A         3    N/A

Dungeon Overview and Level Annotations

Branches:
Dungeon (8/12)             Temple (1/1) D:7            Lair (0/6) D:8
    Orc: D:8-11

Altars:
Ashenzari
Cheibriados
Dithmenos
Elyvilon
Fedhas
Gozag
Hepliaklqana
Lugonu
Makhleb
Nemelex Xobeh
Okawaru
Qazlal
Ru
Sif Muna
Trog
Uskayaw
Vehumet
Wu Jian
Xom
Yredelemnul
Zin
The Shining One

Shops:
D:5 ?   D:7 (

Annotations:
D:3 1 runed translucent door, yrara's ghost, novice DsFi


Innate Abilities, Weirdness & Mutations

You do not eat or drink.
You are immune to poison.
Your flesh is cold resistant. (rC+)
Your body sometimes deteriorates upon taking damage.
You are immune to negative energy. (rN+++)
You regenerate a little health from kills.
You are immune to unholy pain and torment.
You can survive without breathing.
When hurt, damage is shared between your health and your magic reserves.
Your movements are less encumbered by armour. (ER -4)
Casting spells heals you.


Message History

Poisonous vapours appear!
The centaur warrior is engulfed in poison gas.
The centaur warrior looks more poisoned.
The centaur warrior shoots an arrow.
The arrow hits you!!
* * * LOW HITPOINT WARNING * * *
Your body deteriorates!
You feel dopey.
No path to travel!
Unknown command.
Unknown command.
You can't drink.
Unknown command.
Okay, then.
Evoke which item? (* to show all) (? for menu, Esc to quit)
Aiming: Paralyse
Press: ? - help, Shift-Dir - straight line, f/p - centaur warrior
Aim: a centaur warrior, wielding a +0 longbow and quivering 216 arrows (poison gas, moderately wounded, poisoned, chance to defeat MR: 30%)
The centaur warrior easily resists.
The centaur warrior looks more poisoned.
The centaur warrior shoots an arrow.
The arrow hits you!!
You die...

############
....c..@...# ......#
##########.#
..#...##### #.#
..........# #.#
......###.# #.#
........#.# #.#
........#.#########.##
.....................#
.....####.############


You could see a centaur warrior.

Vanquished Creatures
  Pikel (D:5)
  Joseph (D:7)
  Grinder (D:3)
  A hippogriff (D:6)
  Sigmund (D:3)
  Eustachio (D:5)
  Menkaure (D:5)
  3 soldier ants (D:8)
  A water moccasin (D:7)
  3 porcupines (D:8)
  3 orc warriors
  2 phantoms
  A slave (D:5)
  Purgy (D:3)
  3 black bears
  3 sky beasts
  4 ogres
  4 centaurs
  4 bullfrogs
  4 big kobolds
  6 scorpions
  7 killer bees
  4 howler monkeys
  An electric eel (D:8)
  3 crimson imps
  5 jellies
  2 quasits
  3 centaur skeletons
  4 hounds
  2 bullfrog skeletons (D:8)
  5 orc priests
  Ijyb (D:3)
  2 iguanas
  10 orc wizards
  6 worker ants
  Terence (D:2)
  A killer bee zombie (D:8)
  A hound skeleton (D:8)
  8 adders
  7 gnolls
  A shadow imp (D:6)
  8 oozes
  An adder skeleton (D:6)
  5 worms
  A dart slug (D:5)
  4 leopard geckos
  37 orcs
  A ball python (Sewer)
  10 bats
  4 giant cockroaches
  5 goblins
  10 hobgoblins
  14 jackals
  4 quokkas
  4 frilled lizards
  A jackal skeleton (D:4)
  48 kobolds
  6 rats
  2 plants (D:4)
288 creatures vanquished.

Vanquished Creatures (others)
  An orc (D:5)
  A frilled lizard (D:5)
  18 fungi
  6 toadstools (D:3)
26 creatures vanquished.

Grand Total: 314 creatures vanquished

Notes
Turn   | Place    | Note
-------+----------+-------------------------------------------
     0 | D:1      | Morbidden the Skeleton Archaeologist began the quest for
                  | the Orb.
     0 | D:1      | Reached XP level 1. HP: 12/12 MP: 1/1
    97 | D:1      | Reached XP level 2. HP: 13/16 MP: 2/2
   169 | D:1      | Got a twitching tin ring
  1217 | D:2      | Noticed a sky beast
  1282 | D:2      | Noticed Terence
  1375 | D:2      | Got a slimy lapis lazuli ring
  1377 | D:2      | Identified the ring "Ruymam" {+Blink Str+3 Dex-5 Stlth--}
                  | (You found it on level 1 of the Dungeon)
  1378 | D:2      | Identified the ring of Gin and Tonic {Int+3 Stlth--} (You
                  | found it on level 2 of the Dungeon)
  1386 | D:2      | Reached skill level 1 in Spellcasting
  1502 | D:1      | Reached XP level 3. HP: 17/20 MP: 4/4
  1946 | D:3      | Noticed Purgy
  1961 | D:3      | Got a wavering ivory ring
  1987 | D:2      | Identified the ring "Suunosur" {+Fly MR+} (You found it on
                  | level 3 of the Dungeon)
  2131 | D:2      | Killed Terence
  2316 | D:2      | Reached XP level 4. HP: 26/26 MP: 6/6
  2419 | D:2      | Killed a sky beast
  2420 | D:2      | Reached XP level 5. HP: 10/31 MP: 3/8
  2420 | D:2      | Identified a scroll of acquirement
  2530 | D:1      | Identified the +0 hat "Hoaf" {Int+3} (You acquired it on
                  | level 1 of the Dungeon)
  2530 | D:1      | Identified the amulet "Boeponej" {Faith rPois rN+ Dex+3}
                  | (You acquired it on level 1 of the Dungeon)
  2530 | D:1      | Identified the Disquisition on Toxins and Confrontation
                  | (You acquired it on level 1 of the Dungeon)
  2535 | D:1      | Learned a level 2 spell: Poisonous Vapours
  2642 | D:2      | Got a pitted bronze ring
  2643 | D:2      | Identified the ring "Haruawn" {+Fly rElec MR+ Dex-4} (You
                  | found it on level 2 of the Dungeon)
  2887 | D:3      | Killed Purgy
  2888 | D:3      | Gained mutation: You regenerate a little health from kills.
                  | [Skeleton growth]
  2888 | D:3      | Reached XP level 6. HP: 27/37 MP: 7/10
  2950 | D:3      | Noticed Grinder
  2967 | D:3      | Paralysed by Grinder for 2 turns
  2982 | D:3      | Killed Grinder
  2983 | D:3      | Reached skill level 1 in Axes
  2983 | D:3      | Reached skill level 1 in Air Magic
  2983 | D:3      | Reached skill level 1 in Poison Magic
  3396 | D:3      | Reached XP level 7. HP: 12/41 MP: 6/12
  3621 | D:3      | Noticed Sigmund
  3638 | D:3      | Killed Sigmund
  3665 | D:3      | Found a faded altar of an unknown god.
  3971 | D:3      | Found a runed translucent door.
  3971 | D:3      | Noticed yrara's ghost (novice DsFi)
  4111 | D:3      | Noticed Ijyb
  4119 | D:3      | Killed Ijyb
  4276 | D:3      | Reached skill level 5 in Stealth
  4592 | D:4      | Reached XP level 8. HP: 44/48 MP: 11/14
  4626 | D:4      | Found a glowing drain.
  4635 | Sewer    | Entered a sewer
  5175 | D:4      | Reached skill level 5 in Spellcasting
  5756 | D:5      | Entered Level 5 of the Dungeon
  5756 | D:5      | Found Wogeawn's Magic Scroll Emporium.
  5776 | D:5      | Reached skill level 5 in Axes
  5791 | D:5      | Bought a scroll of teleportation for 42 gold pieces
  5806 | D:5      | Noticed Menkaure
  5810 | D:5      | Noticed Eustachio
  5819 | D:5      | Killed Menkaure
  5822 | D:5      | Killed Eustachio
  5823 | D:5      | Reached XP level 9. HP: 27/53 MP: 8/17
  5832 | D:5      | Reached skill level 5 in Fighting
  5946 | D:5      | Noticed Pikel
  5960 | D:5      | Killed Pikel
  5961 | D:5      | Reached skill level 5 in Dodging
  6048 | D:5      | Found a shimmering altar of Xom.
  6059 | D:5      | Found a hide-covered altar of Uskayaw.
  7041 | D:7      | Found Quirch's Weapon Shoppe.
  7081 | D:7      | Gained mutation: Your movements are less encumbered by
                  | armour. (ER -4) [Skeleton growth]
  7081 | D:7      | Reached XP level 10. HP: 55/60 MP: 18/21
  7119 | D:7      | Noticed Joseph
  7129 | D:7      | Killed Joseph
  7130 | D:7      | Reached skill level 5 in Poison Magic
  7132 | D:7      | Reached skill level 1 in Armour
  7206 | D:7      | Found a staircase to the Ecumenical Temple.
  7223 | Temple   | Entered the Ecumenical Temple
  7299 | Temple   | Became a worshipper of Cheibriados the Contemplative
  7830 | D:8      | Reached * piety under Cheibriados
  8067 | D:8      | Reached ** piety under Cheibriados
  8219 | D:8      | Learned a level 1 spell: Magic Dart
  8509 | D:8      | Found a staircase to the Lair.
  8577 | D:8      | Reached skill level 1 in Conjurations
  8844 | D:8      | Noticed a centaur warrior
  8850 | D:8      | Shot with an arrow by a centaur warrior

Skill      XL: |  1  2  3  4  5  6  7  8  9 10 |
---------------+-------------------------------+-----
Stealth        | 4 5 |  5.5
Spellcasting   | 1 2 3 4 5 7 9 |  9.4
Fighting       | 2 3 4 6 7 |  7.3
Maces & Flails | 2 3 4 |  4.1
Dodging        | 4 5 |  5.9
Axes           | 1 3 5 8 9 |  9.1
Air Magic      | 1 2 3 4 |  4.0
Poison Magic   | 1 2 3 4 5 |  5.5
Armour         | 2 |  2.8
Conjurations   | 1 |  1.0
Throwing       | |  0.3
Evocations     | |  0.6

Action                   |  1- 3 |  4- 6 |  7- 9 | 10-12 || total
-------------------------+-------+-------+-------+-------++-------
Melee: Whip              |   134 |    44 |    40 |       ||   218
       Hand axe          |     4 |    29 |   388 |   171 ||   592
Throw: Tomahawk          |       |       |     5 |       ||     5
 Cast: Poisonous Vapours |       |     1 |    11 |    61 ||    73
Evoke: Wand              |       |       |     8 |     1 ||     9
  Use: Scroll            |       |     2 |     7 |     1 ||    10
 Stab: Sleeping          |     4 |     4 |     9 |       ||    17
Armor: Robe              |    70 |    13 |     7 |       ||    90
       Leather armour    |       |       |   135 |       ||   135
       Chain mail        |       |       |    23 |    73 ||    96
Dodge: Dodged            |   121 |    57 |   316 |   187 ||   681
